AoeStats
← 海旋风

Arena

507069631Analyzed
1v1 RM · 16d ago on Sep 16, 2026· 66m 13s· 2 players
Game mode
Random Map
Map size
Tiny (2 player)
Population
200
Speed
Normal
Resources
Standard
Victory
Conquest
Starting age
Dark Age
Ending age
Imperial Age
RankedLock teamsTeams togetherTeam positionsShared explorationLock speedFull tech treeHidden civsTurbo modeCheats
Victory
Defeat
🇨🇳 Franks · China
515
+13
🇫🇷 Slavs · France
445
-13
vladrussian
12:26 Feudal Age
12:58 Double-Bit Axe
12:56 Horse Collar
13:10 Gold Mining
13:23 Town Watch
14:16 Wheelbarrow
13:30 Loom
14:57 Stone Mining
19:22 Castle Age
18:34 Loom
20:08 Heavy Plow
20:21 Bow Saw
20:52 Gold Shaft Mining
21:19 Bloodlines
21:10 Husbandry
21:47 Light Cavalry
24:40 Herbal Medicine
24:46 Devotion
24:46 Herbal Medicine
25:24 Town Patrol
25:44 Murder Holes
27:01 Ballistics
29:35 Hand Cart
30:02 Fortified Wall
32:04 Scale Barding Armor
32:10 Forging
33:42 Detinets
37:59 Imperial Age
36:49 Iron Casting
38:22 Chain Barding Armor
38:03 Scale Mail Armor
38:04 Padded Archer Armor
37:55 Fletching
38:20 Masonry
39:24 Hoardings
39:10 Conscription
41:42 Elite Boyar
42:09 Sappers
46:23 Blast Furnace
45:58 Plate Barding Armor
61:35 Hussar
海旋风
11:48 Feudal Age
16:21 Castle Age
14:41 Double-Bit Axe
17:31 Loom
18:53 Bow Saw
19:48 Wheelbarrow
20:01 Gold Mining
22:30 Light Cavalry
23:10 Husbandry
24:34 Hand Cart
35:30 Imperial Age
33:43 Forging
33:39 Scale Barding Armor
33:37 Scale Mail Armor
35:36 Iron Casting
34:58 Town Watch
35:13 Pikeman
35:53 Squires
35:39 Arson
35:50 Cavalier
36:05 Capped Ram
39:12 Gold Shaft Mining
38:27 Stone Mining
38:40 Town Patrol
40:35 Chemistry
39:21 Arrowslits
39:32 Murder Holes
39:47 Fortified Wall
39:58 Ballistics
41:12 Fletching
42:22 Blast Furnace
41:44 Chain Barding Armor
41:24 Padded Archer Armor
43:37 Herbal Medicine
43:53 Fervor
45:09 Paladin
52:37 Heavy Scorpion
53:51 Bodkin Arrow
54:32 Plate Barding Armor
58:53 Hoardings
58:40 Conscription
61:06 Halberdier
63:45 Chivalry
Connection lost

Rejoining the realm…

Still unreachable

The connection could not be restored.

Session expired

The server has moved on; the page needs a fresh start.